 Dungeon Crawl Stone Soup version 0.32-a0-876-gcfddb08e57 (webtiles) character file.

Game seed: 16510052501663381974

82 PriceMaster the Gusty (level 4, 0/24 HPs)
             Began as a Tengu Air Elementalist on Apr 1, 2024.
             Killed from afar by Ijyb (2 damage)
             ... with a puff of flame
             ... on level 3 of the Dungeon.
             The game lasted 00:02:53 (1933 turns).

PriceMaster the Gusty (Tengu Air Elementalist)      Turns: 1933, Time: 00:02:54

Health: 0/24       AC:  4    Str:  8    XL:     4   Next: 43%
Magic:  3/9        EV: 11    Int: 18    God:
Gold:   148        SH:  0    Dex: 14    Spells: 2/8 levels left

rFire   . . .        b - +0 long sword
rCold   . . .        (no shield)
rNeg    . . .        a - +0 robe
rPois   .            (helmet restricted)
rElec   .            (no cloak)
rCorr   .            (no gloves)
SInv    .            (boots unavailable)
Will    .....        (no amulet)
Stlth   ++           f - ring of flight
HPRegen 0.24/turn    (no ring)
MPRegen 0.11/turn

%: acrobat
@: flying
A: beak, talons 3, acrobatic, iridescent scales 1, teleportitis 1, persistent
drain
a: no special abilities


You were on level 3 of the Dungeon.
You visited 1 branch of the dungeon, and saw 3 of its levels.

You collected 148 gold pieces.

Inventory:

Hand Weapons
 b - a +0 long sword (weapon)
 d - a +0 short sword
Armour
 a - a +0 robe (worn)
Jewellery
 f - a ring of flight (left hand)
Scrolls
 g - a scroll of silence {unknown}
 h - a scroll of teleportation {unknown}
 i - a scroll of blinking {unknown}
 j - a scroll of enchant armour {unknown}


   Skills:
 + Level 0.5 Short Blades
 + Level 2.6 Dodging
 + Level 2.3 Stealth
 + Level 2.8 Spellcasting
 + Level 2.1 Conjurations
 + Level 5.0 Air Magic


You had 2 spell levels left.
You knew the following spells:

 Your Spells              Type           Power      Damage    Failure   Level
a - Shock                 Conj/Air       60%        1d6       3%          1
b - Static Discharge      Conj/Air       30%        3-5/arc   6%          2
c - Swiftness             Air            20%        N/A       6%          3

Your spell library contained the following spells:

 Spells                   Type           Power      Damage    Failure   Level
 Airstrike                Air            10%        2d(2-18)  21%         4
 Call Canine Familiar     Summ           2%         N/A       45%         3
 Sigil of Binding         Hex            2%         N/A       45%         3
 Dimensional Bullseye     Hex/Tloc       1%         N/A       86%         4


Dungeon Overview and Level Annotations

Branches:
Dungeon (3/15)

Altars:
Qazlal

Shops:
D:1 [

Annotations:
D:3 Ijyb


Innate Abilities, Weirdness & Mutations

You have a beak for a mouth.
You have claws for feet.
You can magically evade attacks while moving or waiting.
You are partially covered in iridescent scales. (AC +2)
You are occasionally teleported next to monsters.
Your health recovers twice as slowly from being drained.


Message History

You feel weirdly uncertain.
Ijyb zaps a wand.
The puff of flame hits you!
* * * LOW HITPOINT WARNING * * *
You aren't carrying any items that you can evoke.
Okay, then.
Okay, then.
Casting: Swiftness (quite dangerous; 6% risk of failure)
Confirm with . or Enter, or press ? or * to list all spells.
Aiming: Shock (safe; 3% risk of failure)
Press: ? - help, Shift-Dir - straight line, f/p - Ijyb
Aim: Ijyb, wielding a +0 club, wearing a +0 ring mail and carrying a wand of flame (moderately wounded, 68% to hit)
The zap hits Ijyb.
Ijyb is heavily wounded.
The zap hits the rat.
The rat is moderately wounded.
The zap hits the rat.
You kill the rat!
Ijyb barely misses you.
Casting: Shock (safe; 3% risk of failure)
Confirm with . or Enter, or press ? or * to list all spells.
Aiming: Shock (safe; 3% risk of failure)
Press: ? - help, Shift-Dir - straight line, f/p - Ijyb
Aim: Ijyb, wielding a +0 club, wearing a +0 ring mail and carrying a wand of flame (heavily wounded, 68% to hit)
Okay, then.
Casting: Shock (safe; 3% risk of failure)
Confirm with . or Enter, or press ? or * to list all spells.
Aiming: Shock (safe; 3% risk of failure)
Press: ? - help, Shift-Dir - straight line, f/p - Ijyb
Aim: Ijyb, wielding a +0 club, wearing a +0 ring mail and carrying a wand of flame (heavily wounded, 68% to hit)
The zap hits Ijyb.
Ijyb is heavily wounded.
Ijyb barely misses you.
Casting: Shock (safe; 3% risk of failure)
Confirm with . or Enter, or press ? or * to list all spells.
Aiming: Shock (safe; 3% risk of failure)
Press: ? - help, Shift-Dir - straight line, f/p - Ijyb
Aim: Ijyb, wielding a +0 club, wearing a +0 ring mail and carrying a wand of flame (heavily wounded, 68% to hit)
The zap misses Ijyb.
Ijyb zaps a wand.
The puff of flame hits you.
You die...
Ijyb moans, "Good help so hard to find!"

...#..# ##+#..# ##..#
...#..#### #...####
'##'##+..## #......#
#.....##..# #......#
#.....###.### #......#
+##'#####...###......#
........†....##......#
...........#.###@g...#
...#.......#......##....
.#.#.......#####...+ .
...#.......# #..##
...#.....### #...#
...#.###.# #.#... .. #.#
### #.##... .. #.# ....
#. #). ....


You could see Ijyb.

Vanquished Creatures
  3 adders (D:2)
  A dart slug (D:1)
  6 bats
  5 endoplasms
  4 giant cockroaches (D:1)
  5 goblins
  5 hobgoblins
  2 quokkas (D:1)
  3 ball pythons
  A frilled lizard (D:2)
  8 kobolds
  5 rats
48 creatures vanquished.

Notes
Turn   | Place    | Note
-------+----------+-------------------------------------------
     0 | D:1      | PriceMaster the Tengu Air Elementalist began the quest for
                  | the Orb.
     0 | D:1      | Reached XP level 1. HP: 10/10 MP: 4/4
    25 | D:1      | Found Karewuesm's Armour Shop.
   178 | D:1      | Reached XP level 2. HP: 15/15 MP: 6/6
   181 | D:1      | Learned a level 2 spell: Static Discharge
   587 | D:1      | Reached XP level 3. HP: 19/19 MP: 4/7
  1361 | D:2      | Reached XP level 4. HP: 24/24 MP: 4/8
  1444 | D:2      | Learned a level 3 spell: Swiftness
  1568 | D:2      | HP: 1/24 [kobold/+0 short sword (4)]
  1575 | D:2      | Reached skill level 5 in Air Magic
  1847 | D:3      | Found a stormy altar of Qazlal.
  1924 | D:3      | Noticed Ijyb
  1929 | D:3      | Gained mutation: You have a somewhat thin skeletal
                  | structure. (Dex +2, Stealth+) [potion of mutation]
  1930 | D:3      | Lost mutation: You have a somewhat thin skeletal structure.
                  | (Dex +2, Stealth+) [potion of mutation]
  1930 | D:3      | Gained mutation: Your health recovers twice as slowly from
                  | being drained. [potion of mutation]
  1930 | D:3      | Gained mutation: You are partially covered in iridescent
                  | scales. (AC +2) [potion of mutation]
  1930 | D:3      | Gained mutation: You are occasionally teleported next to
                  | monsters. [potion of mutation]
  1933 | D:3      | Killed from afar by Ijyb

Illustrated notes

Levels and vault maps discovered:
D:1:      ncdulo_lavacross, layout_loops_ring, serial_shops,
          nicolae_shop_tiny_statue_garden
D:2:      layout_rooms
D:3:      layout_basic, mainiacjoe_overflow_24_doors, uniq_ijyb

Skill      XL: |  1  2  3  4 |
---------------+-------------+-----
Conjurations   | 2 |  2.1
Air Magic      | 5 |  5.0
Short Blades   | |  0.5
Dodging        | |  2.6
Stealth        | |  2.3
Spellcasting   | |  2.8

Action                     |  1- 3 |  4- 6 || total
---------------------------+-------+-------++-------
  Melee: Unarmed           |     7 |       ||     7
         Kick              |    10 |     3 ||    13
         Short sword       |    31 |    12 ||    43
         Peck              |     2 |     1 ||     3
         Long sword        |       |     1 ||     1
   Cast: Shock             |    45 |    20 ||    65
         Static Discharge  |     6 |       ||     6
         Swiftness         |       |     1 ||     1
    Use: Potion            |     1 |     4 ||     5
   Stab: Sleeping          |     1 |       ||     1
 Armour: Robe              |    20 |    29 ||    49
  Dodge: Dodged            |    41 |    30 ||    71

Table legend: (Time is in decaauts)
 A = Elapsed time spent in this place.
 B = Non-inter-level travel time spent in this place.
 C = Inter-level travel time spent in this place.
 D = Time resting spent in this place.
 E = Time spent auto-exploring this place.
 F = Levels seen in this place.
 G = Mean time per level.
                   A        B        C        D        E       F      G
               +--------+--------+--------+--------+--------+-----+--------+
         Total |   1931 |   1876 |     55 |      0 |   1615 |   3 |  643.7 |
       Dungeon |   1931 |   1876 |     55 |      0 |   1615 |   3 |  643.7 |
               +--------+--------+--------+--------+--------+-----+--------+

Top non-repeatable levels by time:
     D:1: 1057 daAuts
     D:2: 732 daAuts
     D:3: 142 daAuts
